 Dungeon Crawl Stone Soup version 0.28-a0-128-gcbb86046cc (webtiles) character file.

Game seed: 9928881146388331076

117644 Ezendos the Warrior (level 16, -4/219 HPs)
             Began as a Naga Enchanter on Aug 14, 2021.
             Was the Champion of Hepliaklqana.
             Slain by a tarantella (6 damage)
             ... on level 1 of the Spider Nest on Aug 15, 2021.
             The game lasted 02:30:19 (35317 turns).

Ezendos the Warrior (Naga Enchanter)               Turns: 35317, Time: 02:30:20

Health: -4/219     AC: 24    Str: 16    XL:     16   Next: 74%
Magic:  25/25      EV:  8    Int: 19    God:    Hepliaklqana [******]
Gold:   1515       SH:  0    Dex: 12    Spells: 5/27 levels left

rFire   + . .      SeeInvis +   w - +3 battleaxe (vorpal)
rCold   + + .      Faith    .   (shield currently unavailable)
rNeg    . . .      Spirit   .   A - +1 fire dragon scales
rPois   +          Reflect  .   W - +0 hat "Qafidam" {Rampage rC++ SInv}
rElec   +          Harm     .   H - +2 cloak
rCorr   .          Rampage  +   S - +2 pair of gloves
Will    ++++.                   (no barding)
Stlth   ..........              e - amulet of the acrobat
HPRegen 0.46/turn               s - +4 ring of protection
MPRegen 0.19/turn               Y - ring of the Moon {Ice rElec Will++ Int+2}

@: berserking, very slightly contaminated, hasted, invisible, quick
A: reduced essence, AC +5, large, see invisible, deformed body, poison
resistance, slowness 2, spit poison 2, naga tail 2, stinger 1, noise suppression
a: Breathe Poison Gas, Renounce Religion, Recall Ancestor, Ancestor Identity,
Transference, Idealise


You were on level 1 of the Spider Nest.
You worshipped Hepliaklqana.
Hepliaklqana was exalted by your worship.
You visited 4 branches of the dungeon, and saw 24 of its levels.
You also visited: Ossuary, Bailey, Gauntlet and Ice Cave.

You collected 2512 gold pieces.
You spent 997 gold pieces at shops.

Inventory:

Hand Weapons
 a - the +8 storm bow {elec, penet}
   (You took it off a minotaur in a Gauntlet)

   Any ammunition fired from it occasionally discharges a powerful burst of
   electricity upon striking a foe.
   Any ammunition fired by it passes through the targets it hits, potentially
   hitting all targets in its path until it reaches maximum range.
 r - a +3 broad axe of freezing
 w - a +3 vorpal battleaxe (weapon)
 D - a +3 trident of flaming
Missiles
 i - 6 javelins (quivered)
 m - 4 throwing nets
 q - 410 arrows
 O - 7 curare-tipped darts
 X - 11 silver javelins
Armour
 A - +1 fire dragon scales (worn)
 H - a +2 cloak (worn)
 M - a +0 kite shield
 P - a +2 tower shield of cold resistance
 S - a +2 pair of gloves (worn)
 W - the +0 hat "Qafidam" (worn) {Rampage rC++ SInv}
   (You found it in a Gauntlet)

   rC:        It greatly protects you from cold.
   SInv:      It lets you see invisible.
   Rampage:   It bestows one free step when moving towards enemies.
Jewellery
 e - an amulet of the acrobat (around neck)
 s - a +4 ring of protection (left hand)
 I - a ring of protection from fire
 K - a ring of resist corrosion
 Y - the ring of the Moon (right hand) {Ice rElec Will++ Int+2}
   (You took it off a minotaur in a Gauntlet)

   [ring of ice]

   It enhances your ice magic.
   Int:       It affects your intelligence (+2).
   rF:        It makes you vulnerable to fire.
   rC:        It protects you from cold.
   rElec:     It insulates you from electricity.
   Will:      It greatly increases your willpower.
Wands
 b - a wand of iceblast (19)
 d - a wand of polymorph (18)
 y - a wand of digging (25)
 G - a wand of flame (59)
 L - a wand of mindburst (10)
 N - a wand of acid (16)
Scrolls
 f - 4 scrolls of fog
 j - a scroll of enchant weapon
 k - a scroll of magic mapping
 o - 2 scrolls of brand weapon
 p - 4 scrolls of teleportation
 t - 4 scrolls of fear
 v - 7 scrolls of blinking
 B - 4 scrolls of identify
 J - a scroll of torment
Potions
 g - a potion of resistance
 n - a potion of haste
 z - 9 potions of flight
 E - a potion of mutation
 F - 4 potions of brilliance
 Q - 2 potions of cancellation
 R - 5 potions of magic
 T - a potion of lignification
 U - a potion of invisibility
 V - 4 potions of might
Miscellaneous
 u - a piece from Xom's chessboard (15/15)
 x - a condenser vane
 C - a phial of floods (inert)
 Z - a lightning rod (4/4)


   Skills:
 + Level 15.5 Fighting
 - Level 1.0 Short Blades
 - Level 5.5(6.0) Axes
 - Level 2.0(4.0) Maces & Flails
 - Level 2.2(4.2) Polearms
 * Level 8.7 Bows
 - Level 3.7 Throwing
 + Level 8.9 Armour
 - Level 4.0 Dodging
 - Level 10.0 Stealth
 - Level 9.0 Shields
 - Level 6.0 Spellcasting
 - Level 5.0 Hexes
 - Level 5.0 Translocations
 + Level 6.9 Ice Magic
 - Level 6.0 Invocations
 - Level 8.0 Evocations


You had 5 spell levels left.
You knew the following spells:

 Your Spells              Type           Power      Damage    Failure   Level
a - Manifold Assault      Tloc           24%        N/A       82%         5
b - Ensorcelled Hibernat  Hex/Ice        84%        N/A       5%          2
c - Tukima's Dance        Hex            24%        N/A       16%         3
d - Confusing Touch       Hex            24%        N/A       16%         3
f - Apportation           Tloc           48%        N/A       5%          1
A - Ozocubu's Armour      Ice            47%        N/A       7%          3
B - Frozen Ramparts       Ice            94%        1d11      7%          3
E - Blink                 Tloc           N/A        N/A       8%          2

Your spell library contained the following spells:

 Spells                   Type           Power      Damage    Failure   Level
 Freeze                   Ice            100%       1d11      2%          1
 Corona                   Hex            26%        N/A       5%          1
 Lesser Beckoning         Tloc           12%        N/A       16%         3
 Animate Skeleton         Necr           10%        N/A       38%         1
 Magic Dart               Conj           20%        1d4       38%         1
 Summon Small Mammal      Summ           20%        N/A       38%         1
 Dazzling Flash           Conj/Hex       30%        N/A       41%         3
 Summon Guardian Golem    Hex/Summ       15%        N/A       41%         3
 Searing Ray              Conj           10%        3d3       52%         2
 Static Discharge         Conj/Air       5%         N/A       52%         2
 Hailstorm                Conj/Ice       28%        3d8       69%         4
 Ice Form                 Ice/Tmut       28%        N/A       69%         4
 Summon Ice Beast         Ice/Summ       28%        N/A       69%         4
 Call Canine Familiar     Summ           5%         N/A       77%         3
 Ignite Poison            Fire/Tmut/Pois 5%         N/A       77%         3
 Mephitic Cloud           Conj/Pois/Air  5%         N/A       77%         3
 Spider Form              Tmut/Pois      2%         N/A       77%         3
 Fulminant Prism          Conj/Hex       7%         3d7       82%         4
 Airstrike                Air            2%         N/A       99%         4
 Dispel Undead            Necr           5%         3d7       99%         4
 Sticky Flame             Conj/Fire      5%         2d3       99%         4
 Summon Lightning Spire   Summ/Air       5%         N/A       99%         4
 Freezing Cloud           Conj/Ice/Air   10%        6-21      99%         5
 Silence                  Hex/Air        7%         N/A       99%         5
 Summon Forest            Summ/Tloc      7%         N/A       99%         5
 Summon Mana Viper        Hex/Summ       15%        N/A       99%         5
 Agony                    Necr           5%         N/A       100%        5
 Alistair's Intoxication  Tmut/Pois      3%         N/A       100%        5
 Bolt of Magma            Conj/Fire/Erth 2%         4d4       100%        5
 Borgnjor's Vile Clutch   Necr/Erth      2%         N/A       100%        5
 Iskenderun's Battlesphe  Conj           5%         2d6       100%        5
 Lightning Bolt           Conj/Air       2%         1d14      100%        5
 Eringya's Noxious Bog    Tmut/Pois      2%         N/A       100%        6
 Iron Shot                Conj/Erth      2%         9d2       100%        6
 Shadow Creatures         Summ           N/A        N/A       100%        6
 Simulacrum               Ice/Necr       14%        N/A       100%        6
 Monstrous Menagerie      Summ           2%         N/A       100%        7
 Ozocubu's Refrigeration  Ice            23%        4d9       100%        7
 Spellforged Servitor     Conj/Summ      2%         N/A       100%        7
 Polar Vortex             Ice            23%        N/A       100%        9


Dungeon Overview and Level Annotations

Branches:
Dungeon (15/15)            Temple (0/1) D:6            Lair (6/6) D:9
  Swamp (0/4) Lair:4       Spider (1/4) Lair:3          Orc (2/2) D:12
    Elf (0/3) Orc:2        Vaults (0/5) D:14         Depths (0/5) D:15
Ossuary (visited)          Bailey (visited)           IceCv (visited)
Gauntlet (visited)
  Slime: Lair:5-6

Altars:
Ashenzari
Cheibriados
Gozag
Hepliaklqana
Makhleb
Nemelex Xobeh
Sif Muna
Trog
Beogh

Shops:
D:12 (   Orc:1 (   Orc:2 (!:*

Portals:
Pandemonium: Orc:2

Annotations:
Lair:4 3 runed translucent doors, 1 exclusion, Ecwuhur's ghost, journeyman GrIE
Lair:5 2 runed translucent doors, Ricalo's ghost, journeyman TrMo


Innate Abilities, Weirdness & Mutations

Your life essence is reduced to manifest your ancestor. (-10% HP)
Your serpentine skin is tough. (AC +5)
You have supernaturally acute eyesight. (SInv)
Armour fits poorly on your strangely shaped body.
Your system is resistant to poisons. (rPois)
You cover ground very slowly.
You can exhale a cloud of poison.
You can use your snake-like lower body to constrict enemies.
Your tail ends in a poisonous barb.
You passively dampen the noise of your surroundings.


Message History

You bump into the rock wall.
The wolf spider hits you.
* * * LOW HITPOINT WARNING * * *
The wolf spider bites you but does no damage.
The tarantella bites you but does no damage.
Okay, then.
The tarantella bites you but does no damage.
You closely miss the tarantella.
The tarantella is lightly wounded.
You closely miss the wolf spider. You barely miss the boulder beetle.
The wolf spider hits you but does no damage.
The wolf spider bites you but does no damage.
The boulder beetle bites you but does no damage.
You miss the tarantella.
The tarantella is lightly wounded.
You miss the wolf spider.
You hit the boulder beetle but do no damage.
The wolf spider barely misses you. The wolf spider closely misses you.
The tarantella barely misses you.
The wolf spider hits you but does no damage.
The wolf spider closely misses you. The tarantella bites you!
* * * LOW HITPOINT WARNING * * *
The boulder beetle barely misses you.
A red film seems to cover your vision as you go berserk!
You feel yourself moving faster!
You feel mighty! The wolf spider closely misses you. x2
The tarantella bites you but does no damage.
You hit the boulder beetle but do no damage.
The boulder beetle is moderately wounded.
You slash the tarantella! You miss the wolf spider.
You feel less confused. The wolf spider hits you.
* * * LOW HITPOINT WARNING * * *
The wolf spider closely misses you.
The tarantella bites you but does no damage.
The boulder beetle completely misses you.
You slash the boulder beetle!
The boulder beetle is heavily wounded.
You hit the wolf spider but do no damage.
You miss the tarantella. The tarantella bites you.
You die...

#..####...#^#.#..#### #.
#...#.##.. ...#...(≈
#.^##..#..#$.##..#.#.#
#....#..##....##...#
#..#.#....#.##†..#...
.......#..#...#..#.#
#.....#.#...#≈#..†(#
≈..##..#R#...#.#sB#(# ##
#.###..#.....@s#....#
..#....#.....##.##.......
.#.....######........#..##
#.####..#....#...#^.#(.#...
.....^...^.#^....#..##.# .#
#.#.##.##.....#.#...##. #
...#.#..##..#..#...^. #.
#....#......#..#.#.#..
#...##..###..##....#.


You could see a boulder beetle, a wolf spider and a tarantella.

Vanquished Creatures
  Rupert (D:14)
  Gastronok (Lair:2)
  A fire dragon (D:14)
  A great orb of eyes (Gauntlet)
  2 boulder beetles
  5 hydras
  Erica (D:11)
  2 two-headed ogres (D:8)
  6 centaur warriors
  A dancing weapon (D:14)
  4 death yaks (Lair:5)
  4 orc high priests (Orc:2)
  A sun demon (Orc:2)
  2 skeletal warriors (D:12)
  2 gelid demonspawn (Orc:2)
  An infernal demonspawn (Orc:2)
  A deep troll (shapeshifter) (Gauntlet)
  3 wizards
  Pikel (D:4)
  4 orc knights
  15 ugly things
  A deep elf pyromancer (D:15)
  3 orb spiders (Spider:1)
  4 orc sorcerers
  3 cyclopes
  6 wolf spiders (Spider:1)
  A faun (shapeshifter) (Gauntlet)
  4 manticores
  4 black mambas
  6 elephants
  2 ice statues
  2 gargoyles
  A torpor snail (Lair:4)
  An unseen horror (D:10)
  5 cane toads
  A komodo dragon (Lair:4)
  A komodo dragon (shapeshifter) (D:15)
  2 rime drakes
  A freezing wraith (IceCv)
  An efreet (D:14)
  A red devil (Orc:2)
  5 ice devils
  3 jumping spiders (Spider:1)
  A hornet (Spider:1)
  4 trolls
  2 polar bears
  3 meliai (D:13)
  A slime creature (shapeshifter) (Gauntlet)
  A dream sheep (shapeshifter) (Gauntlet)
  2 dream sheep (Lair:4)
  2 slime creatures (D:15)
  6 blink frogs
  Sigmund (D:3)
  4 redbacks (Spider:1)
  A wraith (D:8)
  3 tarantellas (Spider:1)
  2 wyverns
  A water elemental (D:15)
  A basilisk (D:13)
  7 yaks
  A steam dragon (D:7)
  2 vampire mosquitoes
  2 acid dragons
  A harpy simulacrum (IceCv)
  7 water moccasins
  A warg (Orc:2)
  3 black bears
  15 orc warriors
  2 ice beasts (D:5)
  A hornet zombie (D:8)
  A sky beast (D:6)
  3 necrophages
  7 wolves
  12 centaurs
  2 ogres
  A lemure (D:4)
  A phantom (D:7)
  A kobold brigand (D:10)
  Blork the orc (D:6)
  13 bullfrogs
  A cane toad simulacrum (IceCv)
  A wyvern zombie (D:6)
  4 scorpions
  An elf skeleton (D:6)
  2 two-headed ogre simulacra (IceCv)
  A water moccasin skeleton (D:5)
  An elephant simulacrum (IceCv)
  4 wights
  An electric eel (D:15)
  2 howler monkeys (D:7)
  3 crimson imps (D:14)
  4 centaur zombies
  A jelly (D:5)
  2 human zombies (D:6)
  4 gnoll shamans
  10 orc priests
  A human skeleton (D:6)
  2 bullfrog skeletons
  A centaur skeleton (D:6)
  Jessica (D:2)
  3 iguanas (D:6)
  Natasha (D:1)
  10 orc wizards
  A hell rat (Lair:4)
  A polar bear simulacrum (IceCv)
  A troll simulacrum (IceCv)
  2 killer bee zombies (D:8)
  7 mummies
  Robin (D:2)
  A howler monkey zombie (D:8)
  25 gnolls
  A howler monkey skeleton (D:3)
  12 adders
  2 naga simulacra (IceCv)
  5 white imps
  2 ufetubi
  A worm (D:3)
  3 dart slugs
  52 orcs
  3 endoplasms
  6 giant cockroaches
  5 hobgoblins
  13 jackals
  12 kobolds
  4 quokkas
  A training dummy (Orc:1)
  10 ball pythons
  6 bats
  2 frilled lizards
  18 goblins
  3 hobgoblin zombies (Ossuary)
  2 orc skeletons (D:6)
  11 rats
510 creatures vanquished.

Vanquished Creatures (collateral kills)
  Frances (D:14)
  A reaper (IceCv)
  A minotaur (Gauntlet)
  A fire dragon (D:15)
  3 hydras
  An ice dragon (D:15)
  Erolcha (Orc:2)
  A boulder beetle (D:14)
  3 centaur warriors
  3 two-headed ogres
  A dancing weapon (D:14)
  2 death yaks (Lair:5)
  A tengu warrior (D:8)
  2 orc high priests (Orc:2)
  Sonja (D:11)
  A sun demon (D:14)
  3 skeletal warriors (D:12)
  A sixfirhy (Orc:2)
  A deep elf pyromancer (D:14)
  2 orc knights (Orc:2)
  3 wolf spiders (Spider:1)
  2 ugly things (D:15)
  A manticore (D:11)
  4 orc sorcerers (Orc:2)
  2 cyclopes (D:13)
  An ice statue (IceCv)
  6 cane toads
  7 elephants
  2 unseen horrors (D:12)
  A torpor snail (Lair:6)
  An orange demon (Orc:2)
  3 black mambas
  5 komodo dragons
  A rime drake (shapeshifter) (D:9)
  An ice devil (IceCv)
  A jumping spider (Spider:1)
  A meliai (D:8)
  3 trolls
  2 hornets
  7 blink frogs
  5 dream sheep (Lair:4)
  2 slime creatures (D:15)
  3 redbacks (Spider:1)
  A spriggan (Lair:2)
  A water elemental (D:15)
  A tarantella (Spider:1)
  A wraith (D:8)
  18 yaks
  Grum (Lair:1)
  A chaos spawn (Orc:2)
  A wyvern (D:9)
  A basilisk (D:9)
  6 vampire mosquitoes
  13 orc warriors
  7 water moccasins
  3 black bears
  A sky beast (D:8)
  3 necrophages (D:8)
  14 wolves
  7 centaurs
  3 kobold brigands
  4 bullfrogs
  A scorpion (Lair:3)
  3 two-headed ogre simulacra (IceCv)
  An elephant simulacrum (IceCv)
  7 wights
  A crimson imp (D:14)
  3 centaur zombies
  17 orc priests
  Crazy Yiuf (D:2)
  6 orc wizards
  3 hell rats (Lair:4)
  2 troll simulacra (IceCv)
  3 gnolls (D:7)
  2 white imps
  19 orcs
  2 goblins (D:7)
  2 training dummies (Orc:1)
  6 kobolds
  A bush (Lair:6)
262 creatures vanquished.

Vanquished Creatures (others)
  3 dancing weapons (D:8)
  36 battlemagi
  An orc wizard (D:9)
  48 fungi
  55 plants
  7 withered plants (D:8)
150 creatures vanquished.

Grand Total: 922 creatures vanquished

Notes
Turn   | Place    | Note
-------+----------+-------------------------------------------
     0 | D:1      | Ezendos the Naga Enchanter began the quest for the Orb.
     0 | D:1      | Reached XP level 1. HP: 15/15 MP: 3/3
    57 | D:1      | Reached skill level 1 in Fighting
    96 | D:1      | Reached XP level 2. HP: 25/25 MP: 5/5
   239 | D:1      | Reached skill level 2 in Fighting
   306 | D:1      | Reached XP level 3. HP: 33/33 MP: 6/6
   891 | D:1      | Reached skill level 5 in Stealth
   984 | D:2      | Noticed Robin
  1245 | D:2      | Reached skill level 3 in Fighting
  1245 | D:2      | Reached XP level 4. HP: 35/42 MP: 7/7
  1251 | D:2      | Learned a level 2 spell: Ensorcelled Hibernation
  1255 | D:2      | Learned a level 3 spell: Tukima's Dance
  1356 | D:2      | Noticed Natasha
  2107 | D:2      | Killed Robin
  2108 | D:2      | Reached skill level 1 in Ice Magic
  2351 | D:2      | Noticed Jessica
  2371 | D:2      | Killed Jessica
  2372 | D:2      | Reached XP level 5. HP: 35/49 MP: 2/8
  2615 | D:1      | Killed Natasha
  3003 | D:2      | Found a sparkling altar of Nemelex Xobeh.
  3085 | D:2      | Found a runed translucent door.
  3086 | D:2      | Noticed Crazy Yiuf
  3358 | D:3      | Found a faded altar of an unknown god.
  3459 | D:3      | Reached XP level 6. HP: 53/57 MP: 10/10
  3665 | D:3      | Noticed Sigmund
  4028 | D:4      | Noticed Pikel
  4041 | D:4      | Killed Pikel
  4042 | D:4      | Reached skill level 4 in Fighting
  4042 | D:4      | Reached XP level 7. HP: 16/66 MP: 11/11
  4783 | D:4      | Found a shimmering blue altar of Sif Muna.
  4787 | D:4      | Found a snail-covered altar of Cheibriados.
  4790 | D:4      | Found a hazy altar of Hepliaklqana.
  4794 | D:4      | Became a worshipper of Hepliaklqana the Forgotten
  5066 | D:5      | Entered Level 5 of the Dungeon
  5077 | D:5      | Reached XP level 8. HP: 69/73 MP: 12/12
  5127 | D:5      | Reached skill level 1 in Evocations
  5335 | D:5      | Reached skill level 5 in Fighting
  5967 | D:5      | Found Famov's General Store.
  6074 | D:5      | Reached skill level 5 in Hexes
  6389 | D:6      | Found a sand-covered staircase.
  6406 | D:6      | Reached skill level 6 in Fighting
  6408 | Ossuary  | Entered an ossuary
  6788 | Ossuary  | Reached XP level 9. HP: 61/85 MP: 13/13
  6971 | D:6      | Reached skill level 7 in Fighting
  7398 | D:5      | Reached skill level 8 in Fighting
  7488 | D:6      | Noticed Blork the orc
  7510 | D:6      | Killed Blork the orc
  8224 | D:6      | Reached skill level 9 in Fighting
  8548 | D:6      | Found a staircase to the Ecumenical Temple.
  8643 | D:7      | Noticed a two-headed ogre
  8652 | D:7      | Killed a two-headed ogre
  8653 | D:7      | Reached skill level 10 in Fighting
  8660 | D:7      | Reached * piety under Hepliaklqana
  8696 | D:7      | Found a flagged portal.
  8700 | Bailey   | Entered a bailey
  8700 | Bailey   | Noticed an orc knight
  8746 | D:7      | Reached XP level 10. HP: 24/92 MP: 14/14
  8753 | D:7      | Identified the +9 war axe of Xecoot {protect, *Rage rPois
                  | rCorr Stlth+}
  9336 | D:7      | Reached skill level 11 in Fighting
  9453 | D:7      | Reached skill level 1 in Axes
  9516 | D:7      | Learned a level 3 spell: Confusing Touch
  9794 | D:7      | Reached ** piety under Hepliaklqana
  9925 | D:7      | Remembered your ancestor Billy as a battlemage
 10356 | D:3      | Found a burning altar of Makhleb.
 10536 | D:3      | Killed Sigmund
 10750 | D:2      | Killed Crazy Yiuf
 11573 | D:8      | Reached skill level 12 in Fighting
 11573 | D:8      | Reached skill level 5 in Axes
 11607 | D:8      | Learned a level 1 spell: Apportation
 11611 | D:8      | Noticed a two-headed ogre
 11623 | D:8      | Killed a two-headed ogre
 11624 | D:8      | Reached skill level 1 in Translocations
 11624 | D:8      | Reached XP level 11. HP: 65/102 MP: 3/16
 12294 | D:8      | Noticed a centaur warrior
 12294 | D:8      | Noticed a two-headed ogre
 12295 | D:8      | Noticed a centaur warrior
 12295 | D:8      | Identified the ring "Xaulargha" {Ice Dex+4}
 12295 | D:8      | Noticed a tengu warrior
 12305 | D:8      | Killed a two-headed ogre
 12305 | D:8      | Noticed a manticore
 12311 | D:8      | Killed a centaur warrior
 12362 | D:8      | HP: 2/154 [tengu warrior (8)]
 12367 | D:8      | Killed a centaur warrior
 12863 | D:8      | Killed a manticore
 13057 | D:8      | Identified the +6 scale mail of Yffion {rC+}
 13132 | D:8      | Killed a tengu warrior
 13181 | D:9      | Found a staircase to the Lair.
 13202 | D:9      | Reached skill level 1 in Shields
 13403 | D:9      | Noticed a boulder beetle
 13450 | D:9      | Reached *** piety under Hepliaklqana
 13478 | D:9      | Paralysed by a hornet for 2 turns
 13785 | D:9      | Learned a level 5 spell: Manifold Assault
 13789 | D:9      | Learned a level 3 spell: Ozocubu's Armour
 14081 | D:9      | Noticed a centaur warrior
 14095 | D:9      | Killed a centaur warrior
 14157 | Lair:1   | Entered Level 1 of the Lair of Beasts
 14168 | D:9      | Killed a boulder beetle
 14239 | D:9      | Reached XP level 12. HP: 105/110 MP: 18/18
 14343 | Lair:1   | Reached skill level 5 in Shields
 14456 | Lair:1   | Reached skill level 5 in Evocations
 14587 | Lair:1   | Noticed a six-headed hydra
 14591 | Lair:1   | Killed a six-headed hydra
 15165 | Lair:1   | Noticed a four-headed hydra
 15169 | Lair:1   | Killed a four-headed hydra
 15181 | Lair:1   | Noticed Grum
 15185 | Lair:1   | Killed Grum
 15329 | Lair:1   | Found a bloodstained altar of Trog.
 15848 | Lair:2   | Reached **** piety under Hepliaklqana
 15848 | Lair:2   | Noticed Gastronok
 15859 | Lair:2   | Killed Gastronok
 16092 | Lair:2   | Reached skill level 13 in Fighting
 16134 | Lair:2   | Upgraded the game from 0.28-a0-124-g73ec313a74 to
                  | 0.28-a0-128-gcbb86046cc
 16341 | Lair:2   | Reached skill level 5 in Armour
 16626 | Lair:2   | Noticed a six-headed hydra
 16630 | Lair:2   | Killed a six-headed hydra
 16631 | Lair:2   | Gained mutation: You can use your snake-like lower body to
                  | constrict enemies. [Naga growth]
 16631 | Lair:2   | Reached XP level 13. HP: 119/119 MP: 19/19
 16718 | Lair:2   | You fall into a shaft and drop 1 floor!
 16725 | Lair:3   | Gained mutation: You passively dampen the noise of your
                  | surroundings. [potion of mutation]
 16725 | Lair:3   | Gained mutation: You can exhale a cloud of poison. [potion
                  | of mutation]
 16725 | Lair:3   | Gained mutation: Your tail ends in a poisonous barb.
                  | [potion of mutation]
 17845 | Lair:3   | Found a hole to the Spider Nest.
 18769 | Lair:4   | Found a staircase to the Swamp.
 18947 | Lair:4   | Reached ***** piety under Hepliaklqana
 19113 | Lair:4   | Reached skill level 14 in Fighting
 20244 | Lair:4   | Reached skill level 1 in Throwing
 20285 | Lair:4   | Found a runed translucent gate.
 20285 | Lair:4   | Found a runed translucent gate.
 20285 | Lair:4   | Found a runed translucent gate.
 20364 | Lair:4   | Noticed Ecwuhur's ghost (journeyman GrIE)
 20557 | Lair:6   | Entered Level 6 of the Lair of Beasts
 20581 | Lair:5   | Reached skill level 1 in Polearms
 21039 | Lair:5   | Reached skill level 1 in Invocations
 21106 | Lair:5   | Found a large runed translucent door.
 21106 | Lair:5   | Found a large runed translucent door.
 21107 | Lair:5   | Noticed Ricalo's ghost (journeyman TrMo)
 21151 | Lair:5   | Reached XP level 14. HP: 130/130 MP: 21/21
 21179 | Lair:5   | Reached skill level 5 in Spellcasting
 21666 | Lair:5   | Learned a level 2 spell: Blink
 22554 | D:10     | Entered Level 10 of the Dungeon
 23201 | D:11     | Found a gate leading to a gauntlet.
 23211 | Gauntlet | Entered a Gauntlet
 23211 | Gauntlet | Found a large runed translucent door.
 23211 | Gauntlet | Found a large runed translucent door.
 23211 | Gauntlet | Found a large runed translucent door.
 23211 | Gauntlet | Found a large runed translucent door.
 23211 | Gauntlet | Found a transporter.
 23211 | Gauntlet | Found a large runed translucent door.
 23211 | Gauntlet | Found a large runed translucent door.
 23211 | Gauntlet | Found a large runed translucent door.
 23211 | Gauntlet | Found a large runed translucent door.
 23211 | Gauntlet | Found a runed translucent door.
 23211 | Gauntlet | Found a runed translucent gate.
 23211 | Gauntlet | Found a transporter.
 23211 | Gauntlet | Found a transporter.
 23211 | Gauntlet | Found a runed translucent gate.
 23211 | Gauntlet | Found a transporter.
 23216 | Gauntlet | Found a transporter.
 23217 | Gauntlet | Found a runed translucent gate.
 23217 | Gauntlet | Found a runed translucent door.
 23220 | Gauntlet | Found a large runed translucent door.
 23220 | Gauntlet | Found a large runed translucent door.
 23225 | Gauntlet | Found a transporter.
 23239 | Gauntlet | Found a transporter.
 23247 | Gauntlet | Found a transporter.
 23265 | Gauntlet | Found a transporter.
 23273 | Gauntlet | Found a transporter.
 23291 | Gauntlet | Found a transporter.
 23295 | Gauntlet | Found a large runed translucent door.
 23295 | Gauntlet | Found a large runed translucent door.
 23296 | Gauntlet | Found a large runed translucent door.
 23296 | Gauntlet | Found a large runed translucent door.
 23297 | Gauntlet | Found a large runed translucent door.
 23297 | Gauntlet | Found a large runed translucent door.
 23345 | Gauntlet | Found a transporter.
 23881 | Gauntlet | Identified the ring of the Moon {Ice rElec Will++ Int+2}
 24324 | Gauntlet | Identified the +0 hat "Qafidam" {Rampage rC++ SInv}
 24442 | D:11     | Noticed Erica
 24525 | D:11     | Killed Erica
 24599 | D:11     | Reached skill level 1 in Bows
 24871 | D:11     | Noticed Sonja
 24875 | D:11     | Killed Sonja
 25528 | D:12     | Found a staircase to the Orcish Mines.
 25541 | D:12     | Reached skill level 10 in Stealth
 25766 | D:11     | Reached skill level 5 in Translocations
 26042 | D:12     | Learned a level 3 spell: Frozen Ramparts
 26065 | D:12     | Reached skill level 15 in Fighting
 26481 | D:12     | Reached ****** piety under Hepliaklqana
 26486 | D:12     | Found Puestraef's Antique Weapon Shoppe.
 26648 | D:12     | Reached XP level 15. HP: 125/138 MP: 22/22
 26766 | D:12     | Reached skill level 5 in Invocations
 26928 | Orc:1    | Entered Level 1 of the Orcish Mines
 27152 | Orc:2    | Entered Level 2 of the Orcish Mines
 27469 | Orc:2    | Found Cunoschu's Distillery.
 27773 | Orc:1    | Found Ocopp's Firing Range.
 27896 | Orc:2    | Found a staircase to the Elven Halls.
 28251 | Orc:2    | Noticed Erolcha
 28258 | Orc:2    | Killed Erolcha
 28562 | Orc:2    | Found Suthyvue's General Store.
 28916 | Orc:2    | Bought a potion of cancellation for 120 gold pieces
 28916 | Orc:2    | Bought a potion of haste for 150 gold pieces
 28916 | Orc:2    | Bought 2 potions of invisibility for 240 gold pieces
 28916 | Orc:2    | Bought a potion of curing for 45 gold pieces
 28926 | Orc:2    | Bought a wand of mindburst (10) for 182 gold pieces
 28926 | Orc:2    | Bought a wand of acid (6) for 260 gold pieces
 29432 | Orc:2    | Reached skill level 5 in Bows
 29532 | Orc:2    | Found Osepn's Book Emporium.
 29532 | Orc:2    | Found Asitt's Antique Weapon Shoppe.
 29532 | Orc:2    | Found a one-way gate leading to the halls of Pandemonium.
 29544 | Orc:2    | Reached skill level 5 in Ice Magic
 30094 | D:13     | Found a frozen archway.
 30102 | IceCv    | Entered an ice cave
 32438 | D:14     | Found a broken altar of Ashenzari.
 32524 | D:14     | Reached XP level 16. HP: 146/146 MP: 24/24
 32757 | D:14     | Noticed Frances
 32772 | D:14     | Killed Frances
 33303 | D:14     | Noticed Rupert
 33312 | D:14     | Killed Rupert
 33595 | D:14     | Found a gate to the Vaults.
 33920 | D:15     | Entered Level 15 of the Dungeon
 33945 | D:15     | Found an opulent altar of Gozag.
 34411 | D:15     | Found a staircase to the Depths.
 34893 | Spider:1 | Entered Level 1 of the Spider Nest
 35314 | Spider:1 | HP: 2/146 [tarantella (7)]
 35317 | Spider:1 | Slain by a tarantella

Illustrated notes

Levels and vault maps discovered:
D:1:      onia_arrival_handbag, layout_loops_ring,
          chequers_serial_rivers_large_b
D:2:      layout_rooms, basic_altar, uniq_crazy_yiuf_cottage, uniq_robin,
          uniq_jessica, uniq_natasha
D:3:      layout_loops_ring, bloody_makhleb,
          shapermc_ecumenical_altar_acropolis, chequers_serial_rivers_room_a,
          uniq_sigmund
D:4:      layout_loops_ring, grunt_temple_overflow_diamond, uniq_pikel
D:5:      layout_basic, serial_aquarium, aquarium_bridge_square
          [aquarium_subvault_wall, aquarium_subvault_window,
          aquarium_subvault_window, aquarium_subvault_bridge],
          aquarium_window_3, aquarium_window_1, aquarium_window_2,
          aquarium_window_fake, aquarium_view_2c, serial_shops, shop,
          minmay_misc_feat_rugged, chequers_serial_rivers_micro_c
D:6:      layout_loops_corners, temple_hall, nicolae_ossuary_entry_catacombs,
          hangedman_decor_slide_cut, grunt_ministairs_3, lemuel_old_faithful,
          uniq_blork_the_orc
D:7:      layout_gridville, enter_bailey_4, corexii_hall_statues_i,
          amcnicky_mini_corridor_feature
D:8:      minmay_the_grid_triangle_9x9_rhombus_thin
          [minmay_the_grid_triangle_9x9_impossible_snake,
          minmay_the_grid_triangle_9x9_prize_insulated,
          minmay_the_grid_triangle_9x9_odd_lines,
          minmay_the_grid_triangle_9x9_zippers_vertical], layout_loops_ring,
          serial_undead, serial_undead_c, serial_undead_f, serial_undead_b,
          serial_undead_b, serial_undead_c, serial_undead_a
D:9:      layout_long_grid, david_lair_generic, st_stairs_5, minmay_radiant
D:10:     layout_roguey, kennysheep_generic_room_16
D:11:     layout_gridville, gauntlet_entry_generic, minivault_16, uniq_erica,
          uniq_sonja
D:12:     layout_grid_maze, david_orc_5, serial_shops, shop
D:13:     layout_irregular_city, portal_ice_cave_entry_pillars_1,
          amethyst_killhole, minmay_misc_feat_roman
D:14:     layout_roguey [special_room_orc], erik_vaults_1, ashenzari_altar_1,
          minmay_fire_ice_demons, uniq_frances, uniq_rupert
D:15:     grunt_enter_depths_hoard, layout_rooms, nicolae_gozag_seed_capital,
          serial_bayou_lake_a
Lair:1:   layout_long_grid, lemuel_centaur_altar, uniq_grum
Lair:2:   layout_regular_city, small_statue_intersection, wad_woods_road_02,
          grunt_forest_stairs_clearing, uniq_gastronok
Lair:3:   layout_loops_ring, spider_nest_entry_web_field, minivault_26
Lair:4:   nzn_winding_woodlands_three_and_one
          [nzn_winding_woodlands_5x15_default, nzn_winding_woodlands_5x15_pool,
          nzn_winding_woodlands_5x15_pockets,
          nzn_winding_woodlands_center_garden], layout_regular_city,
          swamp_mist_pool, ebering_ghost_rock_garden
Lair:5:   layout_misc_corridors, ebering_ghost_disaster_area
Lair:6:   grunt_lair_end_beastmaster, layout_cellular_growth, slime_altar_1,
          gammafunk_ghost_arena, lemuel_fruit_tree, serial_bayou_shore_b,
          uniq_urug
Spider:1: layout_spider_delve
Orc:1:    layout_caves, basic_altar, nicolae_shop_firing_range
Orc:2:    pf_orc_diabolical, layout_diamond_mine, uniq_erolcha

Skill      XL: |  1  2  3  4  5  6  7  8  9 10 11 12 13 14 15 16 |
---------------+-------------------------------------------------+-----
Fighting       | 1 2 3 4 6 10 12 13 14 15 | 15.5
Stealth        | 5 6 7 8 10 | 10.0
Ice Magic      | 1 2 3 5 6 |  6.9
Maces & Flails | 2 |  2.0
Armour         | 2 3 5 6 7 8 |  8.9
Spellcasting   | 3 4 5 6 |  6.0
Hexes          | 4 5 |  5.0
Evocations     | 4 6 7 8 |  8.0
Dodging        | 2 4 |  4.0
Axes           | 5 |  5.5
Translocations | 1 3 5 |  5.0
Shields        | 4 8 9 |  9.0
Throwing       | 2 3 |  3.7
Polearms       | 2 |  2.2
Invocations    | 1 4 6 |  6.0
Bows           | 3 7 8 |  8.7
Short Blades   | |  1.0

Action                   |  1- 3 |  4- 6 |  7- 9 | 10-12 | 13-15 | 16-18 || total
-------------------------+-------+-------+-------+-------+-------+-------++-------
Melee: Dagger            |    41 |    71 |       |       |       |       ||   112
       Whip              |       |    66 |   298 |   165 |   150 |       ||   679
       Halberd           |       |     3 |       |       |       |       ||     3
       War axe           |       |       |       |   132 |     7 |       ||   139
       Trident           |       |       |       |    17 |   486 |       ||   503
       Constrict         |       |       |       |       |   121 |    15 ||   136
       Broad axe         |       |       |       |       |     1 |     4 ||     5
       Battleaxe         |       |       |       |       |       |    52 ||    52
 Fire: Longbow           |       |       |       |       |    97 |   163 ||   260
Throw: Dart              |       |     3 |       |     1 |     8 |       ||    12
       Boomerang         |       |       |       |       |    13 |       ||    13
       Javelin           |       |       |       |       |    10 |     1 ||    11
       Throwing net      |       |       |       |       |     2 |       ||     2
 Cast: Ensorcelled Hiber |       |    11 |     3 |     9 |       |       ||    23
       Corona            |       |       |     1 |       |       |       ||     1
       Tukima's Dance    |       |       |     5 |    13 |     2 |       ||    20
       Confusing Touch   |       |       |       |     6 |       |       ||     6
       Blink             |       |       |       |       |     5 |       ||     5
       Ozocubu's Armour  |       |       |       |       |       |     1 ||     1
       Frozen Ramparts   |       |       |       |       |       |     1 ||     1
Invok: Recall Ancestor   |       |       |       |     3 |     4 |       ||     7
       Ancestor Life: Ba |       |       |       |     1 |       |       ||     1
       Ancestor Identity |       |       |       |     1 |       |       ||     1
 Abil: Spit Poison       |    32 |    56 |    67 |    61 |       |       ||   216
       Breathe Poison Ga |       |       |       |       |    73 |     7 ||    80
Evoke: Wand              |       |       |       |    15 |    10 |       ||    25
       Lightning rod     |       |       |       |     7 |    11 |       ||    18
       Phial of floods   |       |       |       |     1 |     1 |     2 ||     4
       Condenser vane    |       |       |       |       |       |     1 ||     1
  Use: Potion            |       |     5 |     3 |     8 |     6 |     5 ||    27
       Scroll            |       |     3 |     9 |     1 |    22 |     1 ||    36
 Stab: Sleeping          |     4 |     5 |    11 |     5 |     6 |       ||    31
       Distracted        |     2 |       |       |     4 |    14 |     1 ||    21
       Confused          |       |       |       |     1 |       |       ||     1
       Held in net/web   |       |       |       |       |     1 |       ||     1
Armor: Robe              |    11 |    44 |   141 |     8 |       |       ||   204
       Ring mail         |       |     1 |       |       |       |       ||     1
       Skin              |       |     1 |       |    58 |    14 |       ||    73
       Steam dragon scal |       |       |       |    76 |       |       ||    76
       Scale mail        |       |       |       |   109 |   164 |       ||   273
       Fire dragon scale |       |       |       |       |   135 |   133 ||   268
Dodge: Dodged            |    25 |    94 |   225 |   222 |   194 |    62 ||   822
Block: Kite shield       |       |       |       |    89 |   331 |       ||   420
       Tower shield      |       |       |       |       |     1 |       ||     1

Table legend: (Time is in decaauts)
 A = Elapsed time spent in this place.
 B = Non-inter-level travel time spent in this place.
 C = Inter-level travel time spent in this place.
 D = Time resting spent in this place.
 E = Time spent auto-exploring this place.
 F = Levels seen in this place.
 G = Mean time per level.
                   A        B        C        D        E       F      G
               +--------+--------+--------+--------+--------+-----+--------+
         Total |  43565 |  39639 |   3926 |   7862 |  19509 |  28 | 1555.9 |
       Dungeon |  26153 |  23802 |   2351 |   4533 |  12712 |  15 | 1743.5 |
          Lair |  10314 |   8895 |   1419 |   1576 |   4544 |   6 | 1719.0 |
   Spider Nest |    497 |    497 |      0 |      3 |    214 |   1 |  497.0 |
  Orcish Mines |   3466 |   3311 |    155 |    568 |   1231 |   2 | 1733.0 |
       Ossuary |    542 |    542 |      0 |    237 |    115 |   1 |  542.0 |
        Bailey |     11 |     11 |      0 |      0 |      0 |   1 |   11.0 |
      Ice Cave |   1225 |   1225 |      0 |    569 |    155 |   1 | 1225.0 |
      Gauntlet |   1355 |   1355 |      0 |    374 |    535 |   1 | 1355.0 |
               +--------+--------+--------+--------+--------+-----+--------+

Top non-repeatable levels by time:
   Orc:2: 2872 daAuts
     D:7: 2650 daAuts
     D:6: 2590 daAuts
     D:1: 2433 daAuts
  Lair:4: 2310 daAuts
    D:14: 2310 daAuts
  Lair:1: 2246 daAuts
    D:12: 2097 daAuts
     D:8: 2096 daAuts
  Lair:5: 1921 daAuts
  Lair:2: 1906 daAuts
  Lair:3: 1691 daAuts
     D:2: 1616 daAuts
     D:4: 1601 daAuts
     D:5: 1586 daAuts
